 Dungeon Crawl Stone Soup version 0.25.1-1-g288607f5aa (webtiles) character file.

Game seed: 7690304344411083643

2693 Descartes the Chucker (level 9, -1/80 HPs)
             Began as a Troll Hunter on July 22, 2020.
             Was a High Priest of Elyvilon.
             Slain by Erica
             ... wielding a +1 scimitar of flaming
              (6 damage)
             ... on level 8 of the Dungeon.
             The game lasted 00:14:07 (7461 turns).

Descartes the Chucker (Troll Hunter)                Turns: 7461, Time: 00:14:07

Health: -1/80      AC: 12    Str: 23    XL:     9   Next: 38%
Magic:  8/8        EV: 11    Int:  7    God:    Elyvilon [*****.]
Gold:   0          SH:  0    Dex: 12    Spells: 8/8 levels left

rFire    . . .     SeeInvis .     - Unarmed
rCold    . . .     Gourm    +   (no shield)
rNeg     . . .     Faith    .   m - +0 swamp dragon scales
rPois    +         Spirit   .   (helmet restricted)
rElec    .         Reflect  .   D - +0 cloak
rCorr    .         Harm     .   (gloves unavailable)
MR       .....                  (boots unavailable)
Stlth    +.........             (no amulet)
HPRegen  0.63/turn              (no ring)
MPRegen  0.11/turn              (no ring)

@: lethally poisoned (-1 -> -1)
A: large, unfitting armour, claws 3, fast metabolism 3, gourmand, regeneration
1, shaggy fur 1, tough skin 3
a: Lesser Healing, Heal Other, Purification, Greater Healing, Divine Vigour,
Divine Protection, Renounce Religion


You were on level 8 of the Dungeon.
You worshipped Elyvilon.
Elyvilon was extremely pleased with you.
You were very full.

You visited 2 branches of the dungeon, and saw 9 of its levels.

Inventory:

Hand Weapons
 h - a +0 short sword of venom
Missiles
 a - 148 stones
 c - 4 large rocks (quivered)
 d - 2 throwing nets
 i - 72 poisoned darts
 v - 15 sling bullets
 x - 51 bolts
 y - 95 arrows
Armour
 m - +0 swamp dragon scales (worn)
 D - a +0 cloak (worn)
Scrolls
 e - 6 scrolls of teleportation {unknown}
 j - 3 scrolls of magic mapping {unknown}
 l - 2 scrolls of random uselessness {unknown}
 n - 4 scrolls of remove curse {unknown}
 o - a scroll of amnesia {unknown}
 s - a scroll of identify
 t - 2 scrolls of enchant weapon {unknown}
 z - a scroll of enchant armour {unknown}
 E - a scroll of fog {unknown}
 F - a scroll of immolation {unknown}
 G - a scroll of silence {unknown}
Potions
 b - a potion of degeneration {unknown}
 g - a potion of lignification
 k - a potion of stabbing
 p - a potion of haste
 q - a potion of flight
 r - 2 potions of invisibility
 u - a potion of might
 w - 5 potions of curing
 A - 2 potions of brilliance
 B - 2 potions of ambrosia
 C - a potion of mutation {unknown}
Comestibles
 f - 17 rations


   Skills:
 - Level 2.3 Fighting
 + Level 7.5 Throwing
 + Level 6.2 Dodging
 - Level 1.2 Stealth
 + Level 7.1 Unarmed Combat


You had 8 spell levels left.
You didn't know any spells.
Your spell library was empty.

Dungeon Overview and Level Annotations

Branches:
Dungeon (8/15)             Temple (1/1) D:5
   Lair: D:8-11

Altars:
Ashenzari
Cheibriados
Dithmenos
Elyvilon
Fedhas
Gozag
Hepliaklqana
Kikubaaqudgha
Makhleb
Nemelex Xobeh
Okawaru
Qazlal
Ru
Sif Muna
Trog
Uskayaw
Vehumet
Wu Jian
Xom
Yredelemnul
Zin
The Shining One

Shops:
D:7 =

Annotations:
D:7 Maurice
D:8 Erica


Innate Abilities, Weirdness & Mutations

You are too large for most types of armour.
You have claws for hands.
Your metabolism is lightning-fast.
You like to eat raw meat.
Your natural rate of healing is unusually fast.
You are covered in fur. (AC +1)
You have extremely tough skin. (AC +3)


Message History

Erica burns you.
* * * LOW HITPOINT WARNING * * *
You barely miss Erica.
Erica is severely wounded.
Erica barely misses you.
You claw Erica!
Erica is almost dead.
You barely miss Erica. Your claw misses Erica.
Erica is almost dead.
You feel sick. Erica hits you but does no damage.
You closely miss Erica.
Erica is almost dead.
Erica casts a spell at you. You resist with significant effort.
You barely miss Erica.
Erica is almost dead.
Erica hits you with a +1 scimitar of flaming!
* * * LOW HITPOINT WARNING * * *
Erica burns you.
You die...

#.8#8.#.#
#.#?#...#
#.8#8..##
#......#
#..###.#
#......#
######.#
#.# #@# #
#@#### . #
#aZ..##....
#
###..Z.....
# #........
# .........
#
#.........
#
#.......##
# #....##.#
#.


You could see Erica (strong), a worker ant and a bullfrog skeleton.

Vanquished Creatures
  Maggie (D:6)
  A spriggan (D:7)
  A hungry ghost (D:7)
  A water moccasin (D:7)
  A sky beast (D:6)
  An ice beast (D:7)
  2 phantoms
  2 ogres
  3 centaurs
  A bullfrog (D:7)
  2 scorpions
  6 killer bees
  2 howler monkeys
  A bullfrog zombie (D:4)
  3 crimson imps
  A hound (D:6)
  A bullfrog skeleton (D:8)
  Jessica (D:2)
  2 iguanas
  6 worker ants
  13 gnolls
  10 adders
  A shadow imp (D:4)
  2 adder skeletons
  3 worms
  4 dart slugs
  8 leopard geckos
  6 orcs
  3 ball pythons
  6 giant cockroaches
  6 goblins
  5 hobgoblins
  10 jackals
  2 quokkas
  9 bats
  2 frilled lizards
  A jackal skeleton (D:4)
  6 kobolds
  2 leopard gecko skeletons
  A leopard gecko zombie (D:5)
  12 rats
151 creatures vanquished.

Notes
Turn   | Place    | Note
-------+----------+-------------------------------------------
     0 | D:1      | Descartes the Troll Hunter began the quest for the Orb.
     0 | D:1      | Reached XP level 1. HP: 19/19 MP: 0/0
    90 | D:1      | Reached XP level 2. HP: 23/28 MP: 1/1
   309 | D:1      | Reached XP level 3. HP: 35/35 MP: 2/2
   364 | D:1      | Reached skill level 1 in Unarmed Combat
   701 | D:2      | Reached skill level 1 in Stealth
   756 | D:2      | Noticed Jessica
   764 | D:2      | Killed Jessica
   764 | D:2      | Reached XP level 4. HP: 38/42 MP: 3/3
   971 | D:2      | Found a white marble altar of Elyvilon.
   972 | D:2      | Found a sacrificial altar of Ru.
   974 | D:2      | Found a shattered altar of Ashenzari.
   974 | D:2      | Found an iron altar of Okawaru.
   976 | D:2      | Found an opulent altar of Gozag.
   976 | D:2      | Found an ancient bone altar of Kikubaaqudgha.
   979 | D:2      | Found a shimmering blue altar of Sif Muna.
   983 | D:2      | Became a worshipper of Elyvilon the Healer
  1692 | D:3      | Reached * piety under Elyvilon
  1839 | D:3      | Reached XP level 5. HP: 35/50 MP: 4/4
  2386 | D:3      | Noticed a centaur
  2394 | D:3      | HP: 1/50 [centaur/arrow (4)]
  2400 | D:3      | Killed a centaur
  2812 | D:4      | Reached ** piety under Elyvilon
  2857 | D:4      | Reached XP level 6. HP: 47/58 MP: 5/5
  3411 | D:4      | Reached skill level 5 in Throwing
  3586 | D:4      | Reached XP level 7. HP: 66/66 MP: 6/6
  3730 | D:4      | Reached *** piety under Elyvilon
  3827 | D:5      | Entered Level 5 of the Dungeon
  3865 | D:5      | Found a staircase to the Ecumenical Temple.
  3911 | Temple   | Entered the Ecumenical Temple
  4479 | D:5      | Found a shimmering altar of Xom.
  4585 | D:6      | Reached **** piety under Elyvilon
  5202 | D:6      | Noticed Maggie
  5222 | D:6      | Killed Maggie
  5222 | D:6      | Reached skill level 5 in Unarmed Combat
  5222 | D:6      | Reached XP level 8. HP: 17/74 MP: 7/7
  5519 | D:6      | Found a sacrificial altar of Ru.
  5939 | D:7      | Reached ***** piety under Elyvilon
  6017 | D:7      | Reached skill level 5 in Dodging
  6064 | D:7      | Found Kuugatoy's Jewellery Emporium.
  6791 | D:7      | HP: 3/74 [killer bee (6)]
  6814 | D:6      | HP: 1/74 [killer bee (7)]
  6952 | D:7      | Reached XP level 9. HP: 61/80 MP: 8/8
  7030 | D:8      | Found a radiant altar of Vehumet.
  7032 | D:8      | Noticed Maurice
  7434 | D:8      | Noticed Erica
  7461 | D:8      | Slain by Erica

Illustrated notes

Levels and vault maps discovered:
D:1:      minmay_arrival_five_plusses, layout_basic
D:2:      layout_basic, grunt_temple_overflow_open,
          chequers_hall_statues_wall_a, uniq_jessica
D:3:      layout_basic, chequers_serial_rivers_micro_a
D:4:      minmay_recursive_quarters, layout_gridville, minmay_bisected
D:5:      layout_gridville, overflow_temple_1_default, minmay_temple_entry_grid,
          first_ration
D:6:      layout_loops_cross, nicolae_ru_path_of_blood, uniq_maggie
D:7:      layout_basic, serial_shops, shop, the_bakery
D:8:      layout_basic, basic_altar, nrook_mini_vaults, minmay_statues_item,
          wad_mini_maze, uniq_erica, uniq_maurice
Temple:   zaba_magenta_temple

Skill      XL: |  1  2  3  4  5  6  7  8  9 |
---------------+----------------------------+-----
Unarmed Combat | 1 2 3 5 6 7 |  7.1
Dodging        | 2 3 4 5 6 |  6.2
Fighting       | 2 |  2.3
Stealth        | 1 |  1.2
Throwing       | 4 5 6 7 |  7.5

Action                   |  1- 3 |  4- 6 |  7- 9 || total
-------------------------+-------+-------+-------++-------
Melee: Unarmed           |   100 |   190 |   326 ||   616
       Short sword       |     7 |       |       ||     7
       Punch             |     1 |     1 |     4 ||     6
Throw: Large rock        |       |     1 |     2 ||     3
  Use: Potion            |       |     1 |     4 ||     5
       Scroll            |       |       |     8 ||     8
 Stab: Sleeping          |     2 |     4 |     2 ||     8
       Distracted        |     1 |       |       ||     1
  Eat: Chunk             |    12 |    27 |    34 ||    73
       Ration            |       |       |     1 ||     1
Armor: Robe              |    49 |    73 |    20 ||   142
       Swamp dragon scal |       |       |   113 ||   113
Dodge: Dodged            |    72 |   114 |   201 ||   387
